AoeStats
← CptNonceFinder

Arabia

510373652Analyzed
3v3 RM · 19h ago on Sep 30, 2026· 53m 58s· 6 players
Game mode
Random Map
Map size
Normal (6 player)
Population
200
Speed
Normal
Resources
Standard
Victory
Conquest
Starting age
Dark Age
Ending age
Imperial Age
RankedLock teamsTeams togetherTeam positionsShared explorationLock speedFull tech treeHidden civsTurbo modeCheats
Victory
Defeat
🇬🇧 Vietnamese · United Kingdom
797
+35
🇬🇧 Magyars · United Kingdom
796
+29
🇬🇧 Inca · United Kingdom
796
+29
🇹🇷 Britons · Türkiye
786
-15
🇫🇷 Berbers · France
776
-15
🇬🇧 Mongols · United Kingdom
764
-15
Spooky Bassoon
5:00 Loom
11:07 Feudal Age
15:25 Bloodlines
16:36 Forging
19:15 Castle Age
17:53 Scale Barding Armor
19:29 Light Cavalry
20:10 Husbandry
26:32 Iron Casting
26:47 Chain Barding Armor
26:30 Padded Archer Armor
28:10 Fletching
28:24 Gold Mining
29:46 Bodkin Arrow
29:37 Horse Collar
29:44 Double-Bit Axe
30:39 Wheelbarrow
31:01 Leather Archer Armor
31:46 Ballistics
39:17 Imperial Age
44:00 Elite Mangudai
45:43 Chemistry
44:49 Bracer
45:48 Hussar
49:53 Capped Ram
51:37 Blast Furnace
50:29 Town Watch
50:59 Hand Cart
50:58 Murder Holes
51:14 Masonry
51:54 Parthian Tactics
51:40 Thumb Ring
Pouni
10:49 Feudal Age
17:14 Wheelbarrow
16:31 Double-Bit Axe
16:49 Loom
22:45 Town Watch
25:02 Castle Age
23:59 Fletching
24:10 Padded Archer Armor
25:07 Forging
25:59 Bloodlines
29:51 Leather Archer Armor
29:31 Bodkin Arrow
34:56 Man-at-Arms
38:10 Imperial Age
36:16 Wheelbarrow
36:41 Long Swordsman
37:14 Arson
40:15 Conscription
40:23 Pikeman
42:52 Maghrebi Camels
45:41 Murder Holes
46:47 Chemistry
46:47 Masonry
Börü 𐰋𐰇𐰼𐰇
0:40 Loom
12:21 Feudal Age
15:50 Double-Bit Axe
22:15 Castle Age
21:21 Fletching
22:08 Padded Archer Armor
23:45 Bodkin Arrow
30:34 Horse Collar
31:35 Ballistics
30:55 Treadmill Crane
32:57 Leather Archer Armor
34:09 Gold Mining
34:12 Stone Mining
38:24 Imperial Age
36:30 Wheelbarrow
36:24 Murder Holes
39:32 Conscription
41:47 Chemistry
42:25 Conscription
46:10 Pikeman
47:25 Bow Saw
48:04 Squires
47:50 Arson
John Hurtin
7:14 Loom
10:05 Feudal Age
11:24 Wheelbarrow
10:40 Double-Bit Axe
11:45 Horse Collar
12:02 Champi Runner
13:25 Arson
19:15 Forging
19:06 Scale Mail Armor
26:55 Castle Age
27:35 Champi Warrior
28:16 Squires
29:19 Bow Saw
30:15 Hand Cart
30:22 Heavy Plow
34:11 Iron Casting
33:51 Chain Mail Armor
33:31 Gold Mining
33:36 Stone Mining
37:11 Imperial Age
36:39 Gold Shaft Mining
38:42 Elite Champi Warrior
40:27 Conscription
40:50 Hoardings
42:04 Blast Furnace
43:46 Plate Mail Armor
43:30 Masonry
43:18 Murder Holes
43:13 Arrowslits
49:50 Crop Rotation
49:58 Stone Shaft Mining
50:02 Fabric Shields
50:53 Town Watch
CptNonceFinder
7:03 Loom
9:36 Feudal Age
10:24 Double-Bit Axe
16:00 Horse Collar
18:57 Fletching
19:08 Padded Archer Armor
23:43 Castle Age
24:49 Crossbowman
24:50 Elite Skirmisher
25:36 Thumb Ring
26:27 Bodkin Arrow
29:57 Bow Saw
33:54 Leather Archer Armor
36:21 Chatras
36:24 Husbandry
36:36 Bloodlines
37:17 Heavy Plow
38:53 Ballistics
38:28 Murder Holes
50:48 Treadmill Crane
54:35 Imperial Age
52:41 Wheelbarrow
perpetualsigh
5:43 Loom
9:21 Feudal Age
12:27 Double-Bit Axe
12:25 Horse Collar
18:32 Wheelbarrow
24:57 Castle Age
23:44 Fletching
23:54 Padded Archer Armor
26:49 Bodkin Arrow
27:12 Leather Archer Armor
28:05 Ballistics
28:15 Bow Saw
35:35 Scale Barding Armor
42:32 Chain Barding Armor
45:06 Imperial Age
43:12 Corvinian Army
48:50 Chemistry
50:12 Two-Man Saw
50:23 Bracer
50:59 Plate Barding Armor
50:55 Ring Archer Armor
50:30 Recurve Bow
Connection lost

Rejoining the realm…

Still unreachable

The connection could not be restored.

Session expired

The server has moved on; the page needs a fresh start.